Map: Tempest

Players

Heizenberg

  • Race: Zerg Zerg
  • Spawn Location: 6:00

Topaldede

  • Race: Protoss Protoss
  • Spawn Location: 12:00

Fedayi

  • Race: Protoss Protoss
  • Spawn Location: 11:00

Razmig

  • Race: Terran Terran
  • Spawn Location: 5:00

Marquis

  • Race: Protoss Protoss
  • Spawn Location: 7:00

VOD

Have the link to the VOD?

Description

Time

  • Played on: Oct. 9, 2020, 10:22 p.m.
  • Length: 20:53
Show
View Real Time Build Order
Export as new Build Order

Heizenberg Zerg 

Build Orders: Pool First 

Get SALT Encoding   

  12  0:01  Drone  
  13  0:13  Overlord  
  13  0:19  Drone  
  14  0:32  Drone  
  15  0:40  Spawning Pool  
  15  0:42  Drone  
  15  0:47  Drone  
  16  0:51  Drone  
  17  1:19  Overlord  
  17  1:29  Extractor  
  17  1:32  Zergling x6  
  19  1:37  Extractor  
  19  1:38  Queen  
  20  1:46  Zergling x2  
  18  2:16  Zergling x6  
  21  2:31  Drone  
  20  2:56  Zergling x2  
  20  2:57  Zergling x8  
  23  3:03  Metabolic Boost  
  23  3:08  Drone  
  20  3:37  Hatchery  
  19  3:49  Zergling x2  
  19  3:50  Zergling x8  
  19  4:20  Roach Warren  
  18  4:25  Spine Crawler  
  18  4:27  Spine Crawler  
  18  4:29  Lair  
  18  4:30  Drone x2  
  18  4:31  Drone  
  19  4:44  Drone  
  20  4:56  Drone  
  20  4:59  Drone x2  
  24  5:00  Drone  
  24  5:10  Drone  
  25  5:17  Spine Crawler  
  24  5:22  Roach  
  24  5:27  Roach  
  28  5:39  Drone  
  28  5:41  Drone x2  
  31  5:47  Overlord  
  31  5:55  Roach  
  33  6:27  Queen  
  33  6:29  Drone  
  36  6:37  Hatchery  
  35  6:42  Drone  
  35  6:43  Drone x2  
  38  6:47  Roach  
  38  6:51  Roach  
  42  6:57  Overlord  
  42  7:19  Roach x4  
  50  7:23  Drone  
  51  7:30  Spore Crawler x2  
  47  8:02  Spore Crawler, Drone x3  
  47  8:03  Spore Crawler  
  47  8:29  Hydralisk Den  
  47  8:30  Drone x2  
  47  8:31  Drone x3  
  47  8:33  Drone x2  
  53  8:43  Drone  
  53  8:45  Drone  
  55  8:55  Hatchery  
  55  8:59  Spore Crawler  
  55  9:00  Spore Crawler  
  52  9:03  Hydralisk  
  54  9:15  Drone x3  
  57  9:21  Extractor  
  57  9:23  Extractor  
  55  9:25  Spore Crawler x2  
  53  9:37  Spine Crawler  
  53  9:38  Drone x3  
  53  9:45  Drone x2  
  57  9:56  Overlord x2  
  57  9:59  Overlord  
  57  10:04  Grooved Spines  
  57  10:15  Evolution Chamber  
  57  10:20  Queen  
  58  10:24  Hydralisk  
  58  10:25  Hydralisk  
  62  10:37  Overseer  
  62  10:42  Drone x3  
  65  10:46  Drone x3  
  68  10:53  Overlord  
  68  10:54  Overlord x2  
  68  11:16  Hydralisk x2  
  68  11:17  Hydralisk  
  74  11:25  Spine Crawler  
  74  11:26  Drone x3  
  74  11:27  Spore Crawler  
  74  11:28  Spine Crawler  
  74  11:33  Drone x3  
  74  11:35  Drone x3  
  74  11:36  Drone  
  80  12:07  Hydralisk  
  80  12:08  Hydralisk x2  
  84  12:21  Spine Crawler  
  84  12:22  Spine Crawler  
  82  12:24  Spine Crawler  
  82  12:28  Spore Crawler  
  82  12:29  Spore Crawler  
  77  12:58  Hydralisk  
  77  12:59  Hydralisk x2  
  83  13:06  Spore Crawler  
  81  13:15  Roach  
  81  13:17  Roach  
  81  13:18  Roach x5  
  90  13:24  Spore Crawler x2  
  90  13:26  Spore Crawler  
  87  13:35  Hatchery  
  87  13:41  Hydralisk x4  
  86  13:46  Zerg Melee Weapons Level 1  
  94  13:49  Pneumatized Carapace  
  94  14:02  Infestation Pit  
  93  14:04  Drone x3  
  93  14:08  Hydralisk x3  
  102  14:10  Queen  
  104  14:20  Spine Crawler x2  
  103  14:24  Drone  
  103  14:30  Drone  
  104  14:31  Spore Crawler  
  104  14:33  Spore Crawler  
  104  14:34  Spore Crawler  
  104  14:37  Drone  
  104  14:38  Drone  
  103  14:51  Hydralisk x2  
  107  14:56  Overlord  
  107  15:00  Drone x2  
  107  15:05  Drone x2  
  111  15:15  Drone x2  
  113  15:24  Spore Crawler  
  113  15:25  Drone x3  
  113  15:26  Spore Crawler  
  114  15:37  Hive  
  114  15:41  Muscular Augments  
  114  15:46  Drone  
  114  15:53  Overlord  
  114  15:55  Queen  
  115  16:15  Overseer  
  114  17:39  Hydralisk x3  
  114  17:43  Overlord x3  
  96  18:23  Spire  
Show
View Real Time Build Order
Export as new Build Order

Topaldede Protoss 

Build Orders:  

Get SALT Encoding   

  12  0:15  Pylon  
  12  0:19  Probe (Chrono Boost)  
  14  0:30  Probe (Chrono Boost)  
  14  0:34  Probe (Chrono Boost)  
  14  0:40  Gateway  
  15  0:56  Assimilator  
  15  0:59  Probe  
  17  1:11  Probe  
  17  1:18  Forge  
  17  1:23  Probe  
  18  1:29  Zealot  
  20  1:35  Probe  
  20  1:37  Pylon  
  21  1:46  Gateway  
  21  2:01  Zealot  
  23  2:12  Assimilator  
  23  2:30  Cybernetics Core  
  23  2:32  Zealot (Chrono Boost)  
  23  2:33  Zealot (Chrono Boost)  
  27  2:41  Probe  
  28  2:46  Protoss Ground Weapons Level 1  
  28  2:50  Zealot  
  28  2:53  Probe  
  31  3:04  Pylon  
  31  3:22  Zealot, Probe  
  31  3:24  Pylon  
  31  3:26  Pylon  
  34  3:34  Probe  
  35  3:50  Warp Gate  
  35  4:06  Pylon  
  35  4:09  Pylon  
  35  4:12  Stalker x2  
  35  4:13  Pylon  
  39  4:27  Shield Battery  
  39  4:42  Stalker  
  40  4:55  Protoss Ground Armor Level 1  
  36  5:31  Stargate  
  36  5:32  Stargate  
  36  5:34  Stargate  
  36  5:37  Stargate  
  36  5:58  Stalker  
  36  6:00  Stalker  
  28  6:33  Void Ray  
  28  6:35  Stalker  
  28  6:36  Stalker  
  28  7:27  Void Ray  
  30  7:38  Stalker x2  
  34  7:49  Void Ray  
  34  7:53  Gateway  
  34  7:56  Gateway  
  38  7:58  Gateway  
  38  8:17  Void Ray  
  42  8:44  Void Ray  
  42  9:15  Void Ray  
  46  9:25  Zealot x3  
  46  9:26  Zealot x2  
  56  10:03  Void Ray  
  56  10:07  Void Ray  
  64  11:22  Nexus  
  64  11:26  Assimilator  
  64  11:28  Assimilator  
  64  11:34  Pylon  
  64  11:35  Protoss Shields Level 1 (Chrono Boost)  
  64  11:38  Pylon  
  64  11:52  Protoss Air Weapons Level 1 (Chrono Boost)  
  64  12:25  Pylon  
  64  12:26  Pylon  
  64  12:29  Pylon  
  64  12:32  Pylon  
  64  12:34  Shield Battery  
  64  12:36  Shield Battery  
  64  12:38  Probe (Chrono Boost)  
  61  12:48  Probe (Chrono Boost)  
  62  12:52  Probe (Chrono Boost)  
  63  13:04  Probe  
  64  13:16  Probe  
  64  13:19  Void Ray x2  
  65  13:20  Void Ray  
  77  13:55  Protoss Air Armor Level 1  
  77  15:19  Void Ray x4  
  93  15:38  Probe  
  94  15:50  Probe  
  95  16:02  Probe  
  96  16:14  Probe  
  93  16:27  Probe  
  94  16:44  Probe (Chrono Boost)  
  96  16:54  Probe (Chrono Boost)  
  96  16:59  Probe (Chrono Boost)  
  65  18:00  Void Ray x2  
  57  18:25  Stalker x2  
  46  19:10  Stalker  
  46  19:11  Stalker x2  
  50  19:52  Probe (Chrono Boost)  
  51  20:02  Probe (Chrono Boost)  
  51  20:03  Pylon  
  51  20:06  Probe (Chrono Boost)  
  53  20:18  Probe  
  54  20:24  Pylon  
  54  20:30  Probe  
Show
View Real Time Build Order
Export as new Build Order

Fedayi Protoss 

Build Orders:  

Get SALT Encoding   

  12  0:01  Probe  
  13  0:18  Probe  
  13  0:20  Pylon  
  14  0:30  Probe  
  15  0:42  Gateway  
  15  0:45  Probe  
  15  0:46  Assimilator  
  16  0:57  Probe (Chrono Boost)  
  17  1:07  Probe (Chrono Boost)  
  18  1:12  Probe (Chrono Boost)  
  19  1:23  Assimilator  
  19  1:24  Probe (Chrono Boost)  
  20  1:30  Zealot, Pylon  
  22  1:36  Probe (Chrono Boost)  
  23  1:42  Forge  
  23  1:49  Pylon  
  23  1:50  Probe  
  24  2:08  Gateway  
  24  2:10  Zealot  
  26  2:33  Nexus  
  26  2:39  Zealot  
  26  2:44  Probe (Chrono Boost)  
  29  2:57  Protoss Ground Weapons Level 1  
  29  3:00  Zealot  
  31  3:18  Pylon  
  31  3:42  Zealot x2  
  35  4:14  Zealot  
  35  4:15  Zealot  
  35  4:21  Probe (Chrono Boost)  
  36  4:29  Assimilator  
  36  4:31  Probe (Chrono Boost)  
  37  4:32  Assimilator  
  37  4:35  Probe (Chrono Boost)  
  38  4:43  Pylon  
  38  4:46  Pylon  
  38  4:47  Probe  
  38  4:48  Zealot x2  
  38  4:50  Photon Cannon  
  34  5:20  Photon Cannon  
  32  5:21  Photon Cannon  
  32  5:22  Zealot x2  
  36  5:35  Photon Cannon  
  36  5:49  Zealot x2  
  28  6:14  Photon Cannon  
  28  6:16  Zealot x2  
  32  6:40  Photon Cannon  
  32  6:43  Zealot x2  
  34  7:10  Zealot x2, Nexus  
  38  7:24  Photon Cannon  
  38  7:37  Zealot  
  40  7:50  Cybernetics Core  
  40  7:57  Gateway  
  40  7:59  Gateway  
  40  8:06  Zealot  
  40  8:07  Zealot  
  44  8:13  Protoss Shields Level 1  
  42  8:40  Stalker x2  
  42  9:10  Stalker  
  42  9:14  Nexus  
  44  10:27  Pylon  
  42  10:30  Pylon  
  38  11:07  Pylon  
  38  11:10  Pylon  
  38  11:15  Protoss Ground Armor Level 1  
  38  11:42  Stalker  
  38  11:43  Stalker x2  
  44  12:05  Shield Battery  
  44  12:09  Stargate  
  44  12:21  Robotics Facility  
  44  12:25  Pylon  
  44  12:28  Pylon  
  44  12:32  Nexus  
  44  12:50  Stalker x2  
  47  13:43  Nexus  
  23  15:04  Stalker  
  23  15:05  Stalker  
  9  16:04  Nexus  
  7  17:21  Probe (Chrono Boost)  
  8  17:51  Probe  
  9  18:12  Probe  
  10  18:29  Probe  
  11  18:51  Probe (Chrono Boost)  
  13  19:03  Probe (Chrono Boost)  
  13  19:08  Probe (Chrono Boost)  
  14  19:17  Probe  
  15  19:29  Probe (Chrono Boost)  
  16  19:42  Probe (Chrono Boost)  
  17  19:48  Probe (Chrono Boost)  
  18  19:56  Probe  
  18  19:57  Pylon  
  19  20:08  Probe  
Show
View Real Time Build Order
Export as new Build Order

Razmig Terran 

Build Orders:  

Get SALT Encoding   

  12  0:00  SCV  
  13  0:17  Supply Depot  
  13  0:20  SCV  
  14  0:33  Refinery, SCV  
  15  0:44  Barracks  
  15  0:47  SCV  
  16  0:59  SCV  
  17  1:05  Refinery  
  17  1:11  SCV  
  18  1:23  SCV  
  19  1:35  SCV  
  20  1:40  Factory  
  20  1:43  Marine  
  21  1:48  Orbital Command  
  21  2:01  Marine  
  22  2:02  Supply Depot  
  22  2:14  SCV  
  23  2:23  Marine  
  23  2:25  Supply Depot  
  24  2:34  Starport  
  24  2:35  SCV  
  25  2:47  SCV  
  26  2:57  Marine  
  27  2:59  SCV  
  28  3:16  Bunker  
  28  3:20  Marine  
  28  3:21  Starport Tech Lab  
  29  3:28  Fusion Core  
  29  3:30  Factory Tech Lab  
  28  3:48  SCV, Bunker  
  29  3:53  Command Center  
  29  4:00  SCV  
  30  4:02  Marine  
  31  4:12  SCV  
  31  4:16  Supply Depot  
  32  4:20  Marine  
  33  4:24  SCV  
  33  4:26  Weapon Refit  
  34  4:36  SCV  
  34  4:38  Marine  
  36  4:48  SCV  
  36  5:07  Refinery, Orbital Command  
  36  5:11  Battlecruiser  
  41  5:39  SCV  
  42  5:47  Marine  
  43  5:51  SCV, Siege Tank  
  47  6:03  SCV  
  48  6:07  Supply Depot  
  48  6:15  SCV  
  48  6:16  Starport  
  49  6:23  Siege Tank  
  52  6:27  SCV  
  52  6:32  Bunker  
  53  6:39  SCV  
  54  6:46  Refinery  
  54  6:51  SCV  
  55  7:11  SCV  
  55  7:14  Siege Tank  
  59  7:41  Battlecruiser  
  65  7:44  Marine  
  66  8:02  Marine  
  67  8:28  SCV  
  68  8:41  SCV  
  69  8:47  Starport Tech Lab  
  69  8:53  SCV  
  70  8:59  Supply Depot  
  70  9:08  Supply Depot  
  70  9:10  Supply Depot  
  70  9:20  SCV, Siege Tank  
  74  9:27  Supply Depot  
  74  9:30  Battlecruiser  
  80  9:31  Supply Depot  
  80  9:32  SCV  
  80  9:33  Marine  
  82  9:40  Supply Depot  
  82  9:51  Marine  
  83  9:55  SCV  
  84  10:02  Battlecruiser  
  89  10:07  SCV  
  89  10:09  Marine  
  89  10:13  Starport  
  91  10:18  Armory  
  91  10:19  SCV  
  92  10:45  Battlecruiser  
  98  10:51  Starport Tech Lab  
  97  11:10  Siege Tank  
  100  11:25  Terran Vehicle And Ship Armor Level 1  
  100  11:42  Siege Tank  
  100  11:45  Battlecruiser x2  
  115  11:48  Command Center  
  115  12:15  SCV  
  116  12:19  Supply Depot  
  116  12:32  SCV  
  116  12:36  Supply Depot  
  117  12:41  Battlecruiser  
  123  12:44  SCV  
  123  12:49  Supply Depot  
  124  12:56  SCV  
  124  12:58  Battlecruiser  
  131  13:00  Battlecruiser  
  131  13:02  Supply Depot  
  137  13:10  Supply Depot  
  137  13:11  Supply Depot  
  137  13:18  Siege Tank  
  140  13:28  Terran Ship Weapons Level 1  
  140  13:33  Armory  
  140  13:50  Siege Tank  
  140  13:51  Refinery  
  140  13:52  Battlecruiser  
  146  14:16  Command Center  
  146  14:24  Battlecruiser  
  146  14:25  Battlecruiser  
  158  14:56  Battlecruiser  
  164  15:00  Factory  
  164  15:25  Supply Depot  
  164  15:31  Orbital Command  
  164  15:49  Supply Depot  
  164  15:57  Refinery  
  164  16:05  Bunker  
  164  16:07  Marine  
  165  16:14  Siege Tank  
  168  16:19  Battlecruiser x3  
  168  16:25  Marine  
  186  16:31  SCV  
  188  16:36  Bunker  
  188  16:43  SCV, Marine  
  190  16:55  SCV, Siege Tank  
  190  17:01  Marine  
  194  17:04  Terran Ship Weapons Level 2  
  194  17:08  SCV  
  196  17:20  SCV  
Show
View Real Time Build Order
Export as new Build Order

Marquis Protoss 

Build Orders:  

Get SALT Encoding   

  12  0:01  Probe  
  13  0:13  Probe (Chrono Boost)  
  14  0:21  Pylon  
  14  0:24  Probe (Chrono Boost)  
  15  0:41  Gateway  
  15  0:44  Probe  
  15  0:48  Assimilator  
  16  0:58  Probe  
  17  1:11  Forge  
  17  1:19  Pylon  
  17  1:20  Probe (Chrono Boost)  
  18  1:29  Probe (Chrono Boost)  
  18  1:32  Cybernetics Core  
  19  1:48  Zealot, Photon Cannon  
  19  1:52  Probe  
  20  2:12  Probe (Chrono Boost)  
  19  2:24  Probe (Chrono Boost)  
  19  2:33  Photon Cannon  
  18  2:52  Probe  
  17  3:04  Probe  
  17  3:14  Photon Cannon  
  17  3:16  Probe (Chrono Boost)  
  18  3:26  Assimilator  
  18  3:27  Probe (Chrono Boost)  
  19  3:31  Probe (Chrono Boost)  
  20  3:42  Probe  
  20  3:45  Zealot  
  23  3:54  Probe  
  24  4:06  Probe  
  25  4:22  Stargate  
  25  4:30  Photon Cannon  
  25  4:45  Robotics Facility, Warp Gate (Chrono Boost)  
  25  4:52  Probe  
  26  4:53  Zealot  
  28  5:01  Gateway  
  28  5:02  Gateway  
  28  5:08  Pylon  
  28  5:31  Photon Cannon  
  28  5:38  Observer  
  28  5:40  Pylon  
  29  5:59  Observer  
  29  6:03  Void Ray  
  30  6:04  Photon Cannon  
  33  6:12  Zealot x2  
  33  6:13  Zealot  
  39  6:22  Photon Cannon  
  39  6:38  Pylon  
  39  6:48  Pylon  
  39  6:57  Zealot  
  39  6:58  Pylon  
  41  7:10  Photon Cannon  
  41  7:20  Void Ray (Chrono Boost)  
  40  8:03  Stargate  
  40  8:29  Stargate  
  40  8:40  Pylon  
  40  8:52  Pylon  
  40  9:04  Void Ray  
  44  9:17  Pylon  
  44  9:33  Protoss Air Weapons Level 1  
  44  9:43  Twilight Council  
  44  9:49  Nexus  
  44  9:55  Pylon  
  44  10:10  Gateway  
  44  10:13  Gateway  
  44  10:20  Photon Cannon  
  44  10:22  Photon Cannon  
  44  10:24  Photon Cannon  
  44  10:26  Pylon  
  44  10:27  Void Ray  
  44  10:35  Assimilator  
  48  10:39  Charge  
  48  10:40  Assimilator  
  48  11:10  Observer  
  49  11:16  Probe  
  50  11:28  Probe  
  50  11:31  Zealot x2  
  55  11:40  Probe (Chrono Boost)  
  56  11:49  Probe (Chrono Boost)  
  56  11:52  Zealot x2  
  61  11:55  Probe (Chrono Boost)  
  62  12:02  Zealot  
  62  12:07  Probe (Chrono Boost)  
  65  12:18  Probe (Chrono Boost)  
  66  12:23  Probe (Chrono Boost)  
  67  12:33  Probe  
  68  12:42  Fleet Beacon  
  68  12:45  Probe  
  69  12:57  Probe  
  70  13:09  Probe  
  69  13:17  Void Ray  
  69  13:18  Void Ray  
  69  13:21  Probe  
  74  13:33  Probe  
  75  13:46  Probe (Chrono Boost)  
  77  13:56  Probe (Chrono Boost)  
  77  14:01  Probe (Chrono Boost)  
  74  14:12  Probe (Chrono Boost)  
  69  14:23  Probe (Chrono Boost)  
  66  14:28  Carrier, Probe (Chrono Boost)  
  66  14:30  Nexus  
  73  14:36  Pylon  
  73  14:38  Probe  
  73  14:41  Pylon  
  74  14:50  Probe  
  75  14:55  Carrier  
  81  15:06  Probe  
  82  15:16  Photon Cannon  
  82  15:18  Photon Cannon  
  82  15:21  Void Ray  
  86  15:44  Photon Cannon  
  86  15:46  Probe (Chrono Boost)  
  88  15:55  Probe (Chrono Boost)  
  88  15:56  Probe (Chrono Boost)  
  89  16:01  Probe (Chrono Boost)  
  90  16:06  Tempest  
  95  16:19  Photon Cannon  
Tags
 
Add a new tag
Caveats
  • Supply blocks, unpowered buildings, or Contaminate may cause inaccurate times.
  • Supply counts are checked every 10 seconds.